 Dungeon Crawl Stone Soup version 0.27-a0-780-geb8d7bc690 (webtiles) character file.

Game seed: 17215938337041690036

24 Aggronaut the Charlatan (level 2, -4/23 HPs)
             Began as a Draconian Artificer on Mar 25, 2021.
             Slain by an ogre
             ... wielding a +0 giant club
              (16 damage)
             ... on level 2 of the Dungeon on Mar 26, 2021.
             The game lasted 00:04:55 (1466 turns).

Aggronaut the Charlatan (Draconian Artificer)       Turns: 1466, Time: 00:04:55

Health: -4/23      AC:  4    Str: 14    XL:     2   Next: 79%
Magic:  2/2        EV: 12    Int: 11    God:
Gold:   25         SH:  0    Dex: 11    Spells: 1/1 levels left

rFire    . . .     SeeInvis .   a - +0 club
rCold    . . .     Faith    .   (no shield)
rNeg     . . .     Spirit   .   (armour unavailable)
rPois    .         Reflect  .   (helmet restricted)
rElec    .         Harm     .   (no cloak)
rCorr    .         Rampage  .   (no gloves)
Will     .....                  (no boots)
Stlth    +.........             (no amulet)
HPRegen  0.07/turn              (no ring)
MPRegen  0.08/turn              (no ring)

@: no status effects
A: AC +4, unfitting armour, cold-blooded
a: no special abilities


You were on level 2 of the Dungeon.
You visited 1 branch of the dungeon, and saw 2 of its levels.

You collected 25 gold pieces.

Inventory:

Hand Weapons
 a - a +0 club (weapon)
Missiles
 e - 15 poisoned darts
Wands
 b - a wand of flame (14) (quivered)
 c - a wand of charming (15)
 d - a wand of random effects (14)
Scrolls
 f - a scroll of identify
 g - a scroll of amnesia
 h - a scroll of teleportation {unknown}


   Skills:
 - Level 1.1 Fighting
 + Level 1.0 Maces & Flails
 - Level 2.1 Dodging
 - Level 1.1 Stealth
 * Level 3.7 Evocations


You had one spell level left.
You didn't know any spells.
Your spell library was empty.

Dungeon Overview and Level Annotations

Branches:
Dungeon (2/15)

Altars:


Innate Abilities, Weirdness & Mutations

Your plain brown scales are hard. (AC +4)
You cannot fit into any form of body armour.
You are cold-blooded and may be slowed by cold attacks.


Message History

Press: ? - help, Shift-Dir - straight line, f/p - ogre
Aim: an ogre, wielding a +0 giant club The ogre is moving more slowly.
You catch the helpless ogre completely off-guard!
You hit the ogre but do no damage. You hit the ogre.
The ogre is lightly wounded.
The ogre stops moving altogether!
The helpless ogre fails to defend itself.
You hit the ogre.
The ogre is lightly wounded.
The helpless ogre fails to defend itself.
You hit the ogre.
The ogre is lightly wounded.
The helpless ogre fails to defend itself.
You hit the ogre.
The ogre is lightly wounded.
The helpless ogre fails to defend itself.
You hit the ogre but do no damage.
The ogre is lightly wounded.
The helpless ogre fails to defend itself.
You hit the ogre.
You tail-slap the ogre, but do no damage.
The ogre is lightly wounded.
The helpless ogre fails to defend itself.
You hit the ogre.
You tail-slap the ogre, but do no damage.
The ogre is moderately wounded.
The helpless ogre fails to defend itself.
You hit the ogre.
The ogre is moderately wounded.
The ogre is no longer petrified.
The ogre barely misses you.
You barely miss the ogre. You tail-slap the ogre.
The ogre is heavily wounded.
The ogre hits you with a +0 giant club!
You hit the ogre but do no damage. You tail-slap the ogre.
The ogre is heavily wounded.
The ogre hits you with a +0 giant club!
Ouch! That really hurt!
You die...

### #.# #.# #### #.#
#...##
###############.##8.>.8#
................#.......
###.#####.#####.@O.$8.>.
#.# #.# #...#....... #.#
#.# #.####8.<.8# #.# #.#
#.# #...## #.# #.# #.#
#### #.#####.###.#
#..<.........
#############


You could see an ogre.

Vanquished Creatures
  2 endoplasms (D:1)
  2 giant cockroaches (D:1)
  3 hobgoblins (D:1)
  4 jackals (D:1)
  A quokka (D:1)
  2 ball pythons (D:1)
  3 bats (D:1)
  A frilled lizard (D:1)
  A kobold (D:1)
  A rat (D:1)
20 creatures vanquished.

Notes
Turn   | Place    | Note
-------+----------+-------------------------------------------
     0 | D:1      | Aggronaut the Draconian Artificer began the quest for the
                  | Orb.
     0 | D:1      | Reached XP level 1. HP: 16/16 MP: 1/1
   209 | D:1      | Reached skill level 1 in Stealth
   558 | D:1      | Reached XP level 2. HP: 20/23 MP: 2/2
   894 | D:1      | Upgraded the game from 0.27-a0-774-g3e622ea735 to
                  | 0.27-a0-780-geb8d7bc690
  1190 | D:1      | Reached skill level 1 in Maces & Flails
  1452 | D:2      | Noticed an ogre
  1466 | D:2      | Slain by an ogre

Illustrated notes

Levels and vault maps discovered:
D:1:      saegor_arrival_simple_c, layout_basic, serial_bayou_crossing
D:2:      layout_loops_ring, lemuel_coloured_pillars_altar, grunt_ministairs_7,
          uniq_robin, uniq_natasha

Skill      XL: |  1  2 |
---------------+-------+-----
Stealth        | 1 |  1.1
Maces & Flails | 1 |  1.0
Fighting       | |  1.1
Dodging        | |  2.1
Evocations     | |  3.7

Action                   || total
-------------------------++-------
Melee: Club              ||   106
       Tailslap          ||    12
Evoke: Wand              ||     2
  Use: Scroll            ||     1
 Stab: Sleeping          ||     3
       Petrified         ||     7
       Petrifying        ||     1
Armor: Skin              ||    42
Dodge: Dodged            ||    81

Table legend: (Time is in decaauts)
 A = Elapsed time spent in this place.
 B = Non-inter-level travel time spent in this place.
 C = Inter-level travel time spent in this place.
 D = Time resting spent in this place.
 E = Time spent auto-exploring this place.
 F = Levels seen in this place.
 G = Mean time per level.
                   A        B        C        D        E       F      G
               +--------+--------+--------+--------+--------+-----+--------+
         Total |   1501 |   1483 |     18 |    544 |    677 |   2 |  750.5 |
       Dungeon |   1501 |   1483 |     18 |    544 |    677 |   2 |  750.5 |
               +--------+--------+--------+--------+--------+-----+--------+

Top non-repeatable levels by time:
     D:1: 1457 daAuts
     D:2: 44 daAuts
